 Dungeon Crawl Stone Soup version 0.28.0-1-gb440e238dd (webtiles) character file.

Game seed: 5939518758578343656

83 Strat the Magician (level 4, 32/32 HPs)
             Began as a Gnoll Wanderer on Feb 20, 2022.
             Was a Follower of Zin.
             Quit the game on level 2 of the Dungeon.
             The game lasted 00:05:01 (3607 turns).

Strat the Magician (Gnoll Wanderer)                 Turns: 3607, Time: 00:05:02

Health: 32/32      AC:  2    Str: 11    XL:     4   Next: 44%
Magic:  13/13      EV: 11    Int: 15    God:    Zin [*.....]
Gold:   93         SH:  4    Dex: 10    Spells: 16/17 levels left

rFire   . . .      SeeInvis .   b - +2 dagger (protect)
rCold   . . .      Faith    .   c - +0 buckler
rNeg    . . .      Spirit   .   h - +0 robe
rPois   .          Reflect  .   (no helmet)
rElec   .          Harm     .   (no cloak)
rCorr   .          Rampage  .   (no gloves)
Will    .....                   (no boots)
Stlth   +.........              (no amulet)
HPRegen 0.10/turn               (no ring)
MPRegen 0.13/turn               (no ring)

@: no status effects
A: fangs 1, strong nose, distributed training
a: Renounce Religion, Recite, Donate Gold


You were on level 2 of the Dungeon.
You worshipped Zin.
Zin was aware of your devotion.
You visited 1 branch of the dungeon, and saw 2 of its levels.

You collected 103 gold pieces.
You donated 10 gold pieces to Zin.

Inventory:

Hand Weapons
 a - a +0 short sword
 b - a +2 dagger of protection (weapon)
 f - a +0 dagger
Missiles
 d - 57 stones (quivered)
 j - 6 poisoned darts
Armour
 c - a +0 buckler (worn)
 g - an orb of energy
 h - a +0 robe (worn)
 m - a +0 pair of boots
Jewellery
 l - a ring of ice
Scrolls
 i - 3 scrolls of identify {unknown}
 k - a scroll of fear {unknown}
Potions
 e - 2 potions of degeneration {unknown}


   Skills:
 + Level 1.1 Fighting
 + Level 1.1 Short Blades
 + Level 1.1 Long Blades
 + Level 1.1 Axes
 + Level 1.1 Maces & Flails
 + Level 1.1 Polearms
 + Level 1.1 Staves
 + Level 1.1 Slings
 + Level 1.1 Bows
 + Level 1.1 Crossbows
 + Level 1.1 Throwing
 + Level 1.1 Armour
 + Level 1.1 Dodging
 + Level 1.1 Stealth
 + Level 2.7 Shields
 + Level 1.1 Unarmed Combat
 + Level 7.2 Spellcasting
 + Level 0.9 Conjurations
 + Level 0.9 Hexes
 + Level 0.9 Summonings
 + Level 0.9 Necromancy
 + Level 0.9 Translocations
 + Level 5.4 Transmutations
 + Level 0.9 Fire Magic
 + Level 5.4 Ice Magic
 + Level 0.9 Air Magic
 + Level 0.9 Earth Magic
 + Level 0.9 Poison Magic
 + Level 1.2 Invocations
 + Level 1.1 Evocations


You had 16 spell levels left.
You knew the following spells:

 Your Spells              Type           Power      Damage    Failure   Level
a - Freeze                Ice            84%        1d10      1%          1

Your spell library contained the following spells:

 Spells                   Type           Power      Damage    Failure   Level
 Beastly Appendage        Tmut           42%        N/A       1%          1
 Spider Form              Tmut/Pois      15%        N/A       14%         3
 Ice Form                 Ice/Tmut       21%        N/A       19%         4
 Summon Ice Beast         Ice/Summ       15%        N/A       41%         4


Dungeon Overview and Level Annotations

Branches:
Dungeon (2/15)

Altars:
Zin


Innate Abilities, Weirdness & Mutations

You have very sharp teeth.
Your uncanny sense of smell can sniff out nearby items.
Your experience applies equally to all skills.


Message History

You hit the quokka.
The quokka is severely wounded.
The quokka bites you but does no damage.
You closely miss the quokka. You bite the quokka.
You kill the quokka!
Things that are here:
a +0 dagger; a kobold corpse
d - 57 stones (gained 19)
There is an escape hatch in the floor here.
You open the door.
There is an open door here.
There is an open door here.
You open the door.
Found a short sword.
You open the door.
There is an open door here.
There is an open door here.
You open the door.
A bat comes into view.
A bat is nearby!
There is an open door here.
The helpless bat fails to defend itself.
You hit the bat.
Your weapon exudes an aura of protection.
You kill the bat!
No target in view!
No target in view!
No target in view!
You open the door.
There is an open door here.
There is an open door here.
You can no longer call upon Zin for vitalisation.
There is an open door here.
There is an open door here.
There is an open door here.
Found a pair of boots.
Done exploring.
You see here a +0 pair of boots.
m - a +0 pair of boots Are you sure you want to abandon this character and quit the game? (Confirm with "yes".)

##......#.####
#.....###.#..'
##.#...# #.#..#
#..##### #.#+##
##.## #.....
###..## #.#'##
#.....# #.#..'
#.....# #.#).#
#@....## #.####
####...## #.....
##.....## #.####
#.......# #.#†.'
#.......# #.#..#
#.......####.#'##
##.........#.....
#.......####.#+##
#.......# #.#..'


There were no monsters in sight!

Vanquished Creatures
  2 adders (D:2)
  A worm (D:2)
  A dart slug (D:1)
  4 endoplasms
  3 giant cockroaches (D:1)
  6 goblins
  5 hobgoblins (D:1)
  7 jackals (D:1)
  3 quokkas
  3 ball pythons (D:1)
  6 bats
  4 frilled lizards (D:1)
  6 kobolds
  3 rats
54 creatures vanquished.

Notes
Turn   | Place    | Note
-------+----------+-------------------------------------------
     0 | D:1      | Strat the Gnoll Wanderer began the quest for the Orb.
     0 | D:1      | Strat set off with the following items: a +0 dagger, a +0
                  | robe, a +0 buckler; and the following spells available to
                  | memorise: Beastly Appendage, Freeze, Spider Form, Ice Form,
                  | Summon Ice Beast
     0 | D:1      | Reached XP level 1. HP: 13/13 MP: 8/8
     3 | D:1      | Learned a level 1 spell: Freeze
   603 | D:1      | Reached XP level 2. HP: 3/19 MP: 10/10
  1444 | D:1      | Reached XP level 3. HP: 8/25 MP: 9/11
  2277 | D:1      | Reached skill level 1 in Invocations
  2723 | D:2      | Reached skill level 1 in Fighting
  2723 | D:2      | Reached skill level 1 in Short Blades
  2723 | D:2      | Reached skill level 1 in Long Blades
  2723 | D:2      | Reached skill level 1 in Axes
  2723 | D:2      | Reached skill level 1 in Maces & Flails
  2723 | D:2      | Reached skill level 1 in Polearms
  2723 | D:2      | Reached skill level 1 in Staves
  2723 | D:2      | Reached skill level 1 in Slings
  2723 | D:2      | Reached skill level 1 in Bows
  2723 | D:2      | Reached skill level 1 in Crossbows
  2723 | D:2      | Reached skill level 1 in Throwing
  2723 | D:2      | Reached skill level 1 in Armour
  2723 | D:2      | Reached skill level 1 in Dodging
  2723 | D:2      | Reached skill level 1 in Stealth
  2723 | D:2      | Reached skill level 1 in Unarmed Combat
  2723 | D:2      | Reached skill level 1 in Evocations
  2723 | D:2      | Reached XP level 4. HP: 26/32 MP: 9/13
  3244 | D:2      | Found a faded altar of an unknown god.
  3252 | D:2      | Prayed at the altar of an unknown god.
  3252 | D:2      | Became a worshipper of Zin the Law-Giver
  3252 | D:2      | Reached * piety under Zin
  3252 | D:2      | Reached ** piety under Zin
  3607 | D:2      | Quit the game

Illustrated notes

Levels and vault maps discovered:
D:1:      dpeg_arrival_refuge, layout_basic, serial_co_window_serial,
          co_window_cross_1, co_window_paths_b, co_window_paths_a,
          co_window_corner_a, co_window_paths_a, co_window_broadway_c,
          co_window_broadway_b, co_window_unsneaky_path_b, glass_columns_a,
          minmay_unequal
D:2:      minmay_door_path, layout_rooms, ebering_ecumenical_altar_box,
          minmay_misc_feat_rugged

Skill      XL: |  1  2  3 |
---------------+----------+-----
Invocations    | 1 |  1.2
Fighting       | 1 |  1.1
Short Blades   | 1 |  1.1
Long Blades    | 1 |  1.1
Axes           | 1 |  1.1
Maces & Flails | 1 |  1.1
Polearms       | 1 |  1.1
Staves         | 1 |  1.1
Slings         | 1 |  1.1
Bows           | 1 |  1.1
Crossbows      | 1 |  1.1
Throwing       | 1 |  1.1
Armour         | 1 |  1.1
Dodging        | 1 |  1.1
Stealth        | 1 |  1.1
Unarmed Combat | 1 |  1.1
Evocations     | 1 |  1.1
Shields        | |  2.7
Spellcasting   | |  7.2
Conjurations   | |  0.9
Hexes          | |  0.9
Summonings     | |  0.9
Necromancy     | |  0.9
Translocations | |  0.9
Transmutations | |  5.4
Fire Magic     | |  0.9
Ice Magic      | |  5.4
Air Magic      | |  0.9
Earth Magic    | |  0.9
Poison Magic   | |  0.9

Action                   |  1- 3 |  4- 6 || total
-------------------------+-------+-------++-------
Melee: Dagger            |    82 |    38 ||   120
       Bite              |    13 |     8 ||    21
       Short sword       |    25 |       ||    25
 Cast: Freeze            |    29 |     6 ||    35
 Stab: Sleeping          |       |     1 ||     1
Armor: Robe              |    24 |    11 ||    35
Dodge: Dodged            |    65 |    15 ||    80
Block: Buckler           |    19 |     4 ||    23
